AoeStats
← Peru_o_O

Nomad

510344526Analyzed
2v2 RM · 1d ago on Sep 30, 2026· 32m 26s· 4 players
Game mode
Random Map
Map size
176×176
Population
200
Speed
Normal
Resources
Standard
Victory
Conquest
Starting age
Dark Age
Ending age
Imperial Age
RankedLock teamsTeams togetherTeam positionsShared explorationLock speedFull tech treeHidden civsTurbo modeCheats
Victory
Defeat
🇮🇹 Spanish · Italy
1258
+16
🇦🇷 Burmese · Argentina
1165
+20
🇺🇸 Japanese · United States
1271
-19
🇵🇪 Persians · Peru
1236
-17
Elficovich
5:30 Loom
14:09 Feudal Age
18:00 Castle Age
17:07 Double-Bit Axe
18:09 Forging
22:52 Bow Saw
24:17 Padded Archer Armor
27:17 Horse Collar
29:49 Wheelbarrow
34:36 Imperial Age
LoKogan
10:00 Loom
14:24 Feudal Age
15:42 Gold Mining
18:31 Forging
22:58 Castle Age
21:14 Bloodlines
21:11 Scale Barding Armor
22:08 Fishing Lines
22:42 Fletching
23:50 Gillnets
24:08 Stone Mining
24:51 Chain Barding Armor
25:45 Husbandry
31:10 Horse Collar
32:24 Iron Casting
MidlifeComet590
3:04 Loom
15:12 Feudal Age
19:27 Castle Age
24:25 Imperial Age
26:36 Forging
30:03 Wheelbarrow
32:44 Iron Casting
Peru_o_O
4:55 Loom
12:49 Feudal Age
17:25 Castle Age
15:24 Double-Bit Axe
17:26 Horse Collar
22:26 Wheelbarrow
22:56 Elite Skirmisher
25:58 Fletching
29:21 Bodkin Arrow
29:57 Ballistics
30:50 Padded Archer Armor
Connection lost

Rejoining the realm…

Still unreachable

The connection could not be restored.

Session expired

The server has moved on; the page needs a fresh start.